 Dungeon Crawl Stone Soup version 0.18.1-48-g4cf74bf (webtiles) character file.

49 tyrion the Firebug (level 3, -7/24 HPs)
             Began as a Mummy Fire Elementalist on July 31, 2016.
             Killed from afar by Ijyb (15 damage)
             ... with a wand of lightning
             ... on level 3 of the Dungeon.
             The game lasted 00:03:18 (2033 turns).

tyrion the Firebug (Mummy Fire Elementalist)        Turns: 2033, Time: 00:03:19

Health: -7/24      AC:  4    Str: 11    XL:     3   Next: 51%
Magic:  0/6        EV:  7    Int: 15    God:
Gold:   138        SH:  0    Dex: 12    Spells: 2 memorised, 4 levels left

rFire  x . .     SeeInvis .     l - +0 whip
rCold  + . .     Gourm    .     a - +0 robe
rNeg   + + +     Faith    .     (no shield)
rPois  ∞         Spirit   .     h - +0 helmet
rElec  .         Dismiss  .     (no cloak)
rCorr  .         Reflect  .     k - +0 pair of gloves
SustAt .         Harm     .     (no boots)
MR     .....                    (no amulet)
Stlth  ++........               (no ring)
                                (no ring)

@: very slightly contaminated, not resistant to hostile enchantments, unstealthy
A: no food or potions, fire vulnerability, cold resistance 1, negative energy
resistance 3, torment resistance, unbreathing
a: no special abilities


You were on level 3 of the Dungeon.
You were not hungry.

You visited 1 branch of the dungeon, and saw 3 of its levels.

You collected 138 gold pieces.

Inventory:

Hand Weapons
 l - a +0 whip (weapon)
Armour
 a - a +0 robe (worn)
 c - a +0 buckler
 h - a +0 helmet (worn)
 k - a +0 pair of gloves (worn)
Jewellery
 e - a cursed amulet of rage {unknown}
 j - a +2 ring of intelligence {unknown}
Scrolls
 d - a scroll of random uselessness {unknown}
 f - a scroll of remove curse {unknown}
 g - 2 scrolls of enchant armour {unknown}
 i - 2 scrolls of immolation {unknown}
Books
 b - a book of Flames

   Spells                             Type                      Level
   a - Flame Tongue                   Conjuration/Fire             1
   b - Throw Flame                    Conjuration/Fire             2
   c - Conjure Flame                  Conjuration/Fire             3
   d - Inner Flame                    Hexes/Fire                   3
   e - Sticky Flame                   Conjuration/Fire             4
   f - Fireball                       Conjuration/Fire             5


   Skills:
 - Level 1.5 Dodging
 - Level 1.5 Stealth
 + Level 2.5 Spellcasting
 * Level 1.5 Conjurations
 * Level 3.1 Fire Magic


You had 4 spell levels left.
You knew the following spells:

 Your Spells              Type           Power        Failure   Level  Hunger
a - Flame Tongue          Conj/Fire      #....        12%         1    N/A
b - Throw Flame           Conj/Fire      #.....       14%         2    N/A

Dungeon Overview and Level Annotations

Branches:
Dungeon (3/15)

Altars:
Gozag
Zin

Annotations:
D:3 Ijyb


Innate Abilities, Weirdness & Mutations

You do not eat or drink.
Your flesh is vulnerable to fire.
You are immune to poison.
Your flesh is cold resistant.
You are immune to negative energy.
You are immune to unholy pain and torment.
You can survive without breathing.


Message History

Aim: Ijyb (heavily wounded)
You miscast Flame Tongue.
You are very lightly contaminated with residual magic.
You have a brief vision of globes of primordial fire.
Ijyb hits you but does no damage.
Casting: Flame Tongue
Confirm with . or Enter, or press ? or * to list all spells.
You don't have enough magic to cast that spell.
Unknown command.
Casting: Flame Tongue
Confirm with . or Enter, or press ? or * to list all spells.
You don't have enough magic to cast that spell.
Unknown command.
Ijyb zaps a wand.
The bolt of lightning hits you!
Ouch! That really hurt!
It is a wand of lightning.
There is a stone staircase leading up here.
Ijyb zaps a wand.
The bolt of lightning hits you!
Ouch! That really hurt!
You die...

..........##.
..#.........
#..........
#.#.......
##........
##......l.
...#...#g#
.........#
#.#...@.#
.......###
.....## ..!.
.#. #


You could see Ijyb and a giant gecko.

Vanquished Creatures
  An adder (D:2)
  An ooze (D:2)
  A worm (D:2)
  2 giant cockroaches (D:1)
  4 goblins
  5 hobgoblins (D:1)
  A jackal (D:2)
  8 bats
  3 giant newts (D:1)
  5 kobolds
  4 rats
35 creatures vanquished.

Notes
Turn   | Place    | Note
--------------------------------------------------------------
     0 | D:1      | tyrion the Mummy Fire Elementalist began the quest for the Orb.
     0 | D:1      | Reached XP level 1. HP: 13/13 MP: 3/3
   152 | D:1      | Reached skill level 1 in Conjurations
   429 | D:1      | Reached XP level 2. HP: 19/19 MP: 3/5
   484 | D:1      | Learned a level 2 spell: Throw Flame
   898 | D:2      | Reached skill level 3 in Fire Magic
  1230 | D:2      | Reached XP level 3. HP: 18/24 MP: 0/6
  1595 | D:2      | Found an opulent altar of Gozag.
  1595 | D:2      | Found a glowing silver altar of Zin.
  2024 | D:3      | Noticed Ijyb
  2033 | D:3      | Killed from afar by Ijyb

Skill      XL: |  1  2 |
---------------+-------+-----
Conjurations   | 1 |  1.5
Fire Magic     | 3 |  3.1
Dodging        | |  1.5
Stealth        | |  1.5
Spellcasting   | |  2.5

Action                   || total
-------------------------++-------
Melee: Dagger            ||    46
       Whip              ||    19
 Cast: Flame Tongue      ||    55
 Stab: Sleeping          ||     2
Armor: Robe              ||    35
Dodge: Dodged            ||    76
